NCAA
PACIFIC TIGERS @ ARIZONA STATE SUN DEVILS
02/12/2060
 
TOP OF THE 1ST
Pacific Tigers batting - Pitching for Arizona State Sun Devils : LHP Spencer Maldonado
Pitching: LHP Spencer Maldonado
Batting: RHB Dillon Cope 0-0: Fly out, F7 (Flyball, 78S, EV 76.9 MPH)
Batting: LHB Deontay Gardner 0-0: Called Strike
0-1: Foul Ball, location: 2F
0-2: Strikes out swinging
Batting: RHB R.C. Fees 0-0: Called Strike
0-1: SINGLE (Groundball, 56D, EV 108.1 MPH)
Batting: RHB Keaton Borneman 0-0: Fielders Choice at 2nd, 6-4 (Groundball, 6, EV 101.2 MPH)
Top of the 1st over - 0 runs, 1 hit, 0 errors, 1 left on base; Pacific 0 - Arizona State 0
BOTTOM OF THE 1ST
Arizona State Sun Devils batting - Pitching for Pacific Tigers : RHP K.J. Perica
Pitching: RHP K.J. Perica
Batting: RHB Brian Reser 0-0: Foul Ball, location: 2F
0-1: Ball
1-1: Called Strike
1-2: SINGLE (Groundball, 4D, EV 96.2 MPH)
Batting: RHB Tony Walker 0-0: Foul Ball, location: 2F
0-1: Swinging Strike
0-2: Fly out, F8 (Flyball, 8RD, EV 106.2 MPH)
Batting: RHB Paul Johnson 0-0: Called Strike
0-1: Ball
1-1: Ball
2-1: Ball
3-1: Grounds into double play, 4-6-3 (Groundball, 4M, EV 83.8 MPH)
Bottom of the 1st over - 0 runs, 1 hit, 0 errors, 0 left on base; Pacific 0 - Arizona State 0
TOP OF THE 2ND
Pacific Tigers batting - Pitching for Arizona State Sun Devils : LHP Spencer Maldonado
Batting: SHB Henry Champion 0-0: Ground out U3 (Groundball, 34S, EV 80.6 MPH)
Batting: RHB Devin Pickett 0-0: Foul Ball, location: 2F
0-1: Foul Ball, location: 2F
0-2: Ball
1-2: Fly out, F9 (Flyball, 9D, EV 89.4 MPH)
Batting: RHB DreQuan Torralva 0-0: Foul Ball, location: 2F
0-1: Ball
1-1: Ball
2-1: Ground out 6-3 (Groundball, 6, EV 100.6 MPH)
Top of the 2nd over - 0 runs, 0 hits, 0 errors, 0 left on base; Pacific 0 - Arizona State 0
BOTTOM OF THE 2ND
Arizona State Sun Devils batting - Pitching for Pacific Tigers : RHP K.J. Perica
Batting: LHB Dallas Mayer 0-0: Fly out, F7 (Flyball, 7S, EV 88.8 MPH)
Batting: RHB Shawn Michaels 0-0: Called Strike
0-1: Called Strike
0-2: Ball
1-2: Ball
2-2: SINGLE (Line Drive, 6D, EV 106.2 MPH)
Batting: RHB Brian Yensen 0-0: Foul Ball, location: 2F
0-1: Ball
1-1: Ball
2-1: Foul Ball, location: 2F
2-2: SINGLE (Groundball, 6D, EV 112.5 MPH)
Shawn Michaels to second
Batting: RHB DaVaris Sandalls 0-0: Called Strike
0-1: DOUBLE (Groundball, 5L, EV 100.6 MPH)
Shawn Michaels scores
Brian Yensen to third
Batting: RHB Cole Lucas 0-0: Called Strike
0-1: Ball
1-1: Foul Ball, location: 2F
1-2: Ball
2-2: Strikes out swinging
Batting: RHB Vince Beach 0-0: Ball
1-0: Ground out U3 (Groundball, 34S, EV 86.9 MPH)
Bottom of the 2nd over - 1 run, 3 hits, 0 errors, 2 left on base; Pacific 0 - Arizona State 1
TOP OF THE 3RD
Pacific Tigers batting - Pitching for Arizona State Sun Devils : LHP Spencer Maldonado
Batting: RHB Joey Tindall 0-0: Ball
1-0: Foul Ball, location: 2F
1-1: DOUBLE (Line Drive, 9LS, EV 88.8 MPH) - OUT at third base trying to stretch hit.
Batting: RHB Lemarr Fornasari 0-0: Called Strike
0-1: Ball
1-1: Swinging Strike
1-2: Ball
2-2: SINGLE (Line Drive, 78M, EV 97.5 MPH)
Batting: RHB Dillon Cope 0-0: Called Strike
0-1: Ball
1-1: Swinging Strike
1-2: Fielders Choice at 2nd, 6-4 (Groundball, 6, EV 81.9 MPH)
Batting: LHB Deontay Gardner 0-0: Called Strike
0-1: Ball
1-1: Called Strike
1-2: Fly out, F8 (Flyball, 78S, EV 93.1 MPH)
Top of the 3rd over - 0 runs, 2 hits, 0 errors, 1 left on base; Pacific 0 - Arizona State 1
BOTTOM OF THE 3RD
Arizona State Sun Devils batting - Pitching for Pacific Tigers : RHP K.J. Perica
Batting: RHB Brian Reser 0-0: Ball
1-0: Ball
2-0: Foul Ball, location: 2F
2-1: Ball
3-1: Base on Balls
Batting: RHB Tony Walker 0-0: Fielders Choice at 2nd, 4-6 (Groundball, 4, EV 86.2 MPH)
Batting: RHB Paul Johnson 0-0: Ball
1-0: Called Strike
1-1: Ball
2-1: Fly out, F9 (Flyball, 9LS, EV 85.6 MPH)
Batting: LHB Dallas Mayer 0-0: Called Strike
0-1: Foul Ball, location: 2F
0-2: Strikes out swinging
Bottom of the 3rd over - 0 runs, 0 hits, 0 errors, 1 left on base; Pacific 0 - Arizona State 1
TOP OF THE 4TH
Pacific Tigers batting - Pitching for Arizona State Sun Devils : LHP Spencer Maldonado
Batting: RHB R.C. Fees 0-0: Called Strike
0-1: Ball
1-1: Fly out, F3 (Popup, 3SF, EV 65.0 MPH)
Batting: RHB Keaton Borneman 0-0: Ground out 4-3 (Groundball, 4M, EV 84.4 MPH)
Batting: SHB Henry Champion 0-0: Foul Ball, location: 2F
0-1: DOUBLE (Flyball, 8LXD, EV 100.0 MPH)
Batting: RHB Devin Pickett 0-0: Called Strike
0-1: Foul Ball, location: 2F
0-2: Strikes out swinging
Top of the 4th over - 0 runs, 1 hit, 0 errors, 1 left on base; Pacific 0 - Arizona State 1
BOTTOM OF THE 4TH
Arizona State Sun Devils batting - Pitching for Pacific Tigers : RHP K.J. Perica
Batting: RHB Shawn Michaels 0-0: Ball
1-0: Ball
2-0: SINGLE (Line Drive, 3D, EV 96.9 MPH)
Batting: RHB Brian Yensen 0-0: Ball
1-0: Foul Ball, location: 2F
1-1: Fly out, F8 (Flyball, 8RS, EV 86.9 MPH)
Batting: RHB DaVaris Sandalls 0-0: Ball
1-0: Ball
2-0: Called Strike
2-1: Swinging Strike
2-2: Foul Ball, location: 2F
2-2: Foul Ball, location: 2F
2-2: Strikes out looking
Batting: RHB Cole Lucas 0-0: Ball
1-0: Ball
2-0: Swinging Strike
2-1: SINGLE (Groundball, 4MD, EV 96.9 MPH)
Shawn Michaels to second
Runner from 2nd tries for 3rd, SAFE, throw by CF made to third
Batting: RHB Vince Beach 0-0: Ball
1-0: Foul Ball, location: 2F
1-1: Ball
2-1: Called Strike
2-2: Foul Ball, location: 2F
2-2: Ball
3-2: SINGLE (Line Drive, 8LS, EV 94.4 MPH)
Shawn Michaels scores
Cole Lucas to second
Cole Lucas to third
Batting: RHB Brian Reser 0-0: Ball
1-0: Ball
2-0: Ball
3-0: Base on Balls
Vince Beach to second
Batting: RHB Tony Walker 0-0: Foul Ball, location: 2F
0-1: Called Strike
0-2: Fly out, F8 (Flyball, 8LM, EV 80.0 MPH)
Bottom of the 4th over - 1 run, 3 hits, 0 errors, 3 left on base; Pacific 0 - Arizona State 2
TOP OF THE 5TH
Pacific Tigers batting - Pitching for Arizona State Sun Devils : LHP Spencer Maldonado
Batting: RHB DreQuan Torralva 0-0: Called Strike
0-1: Ball
1-1: Foul Ball, location: 2F
1-2: Strikes out swinging
Batting: RHB Joey Tindall 0-0: Foul Ball, location: 2F
0-1: Foul Ball, location: 2F
0-2: Ball
1-2: Ball
2-2: Strikes out swinging
Batting: RHB Lemarr Fornasari 0-0: Swinging Strike
0-1: Ball
1-1: Swinging Strike
1-2: Ball
2-2: Ball
3-2: Ground out 6-3 (Groundball, 6, EV 83.1 MPH)
Top of the 5th over - 0 runs, 0 hits, 0 errors, 0 left on base; Pacific 0 - Arizona State 2
BOTTOM OF THE 5TH
Arizona State Sun Devils batting - Pitching for Pacific Tigers : RHP K.J. Perica
Batting: RHB Paul Johnson 0-0: DOUBLE (Line Drive, 89M, EV 95.0 MPH)
Batting: LHB Dallas Mayer 0-0: Ball
1-0: Ball
2-0: Ball
3-0: Base on Balls
Pitching: RHP Lon Gallaher
Batting: RHB Shawn Michaels 0-0: Ball
1-0: Foul Ball, location: 2F
1-1: Grounds into double play, 6-4-3 (Groundball, 6, EV 85.6 MPH)
Paul Johnson to third
Batting: RHB Brian Yensen 0-0: Ball
1-0: Foul Ball, location: 2F
1-1: Foul Ball, location: 2F
1-2: Strikes out swinging
Bottom of the 5th over - 0 runs, 1 hit, 0 errors, 1 left on base; Pacific 0 - Arizona State 2
TOP OF THE 6TH
Pacific Tigers batting - Pitching for Arizona State Sun Devils : LHP Spencer Maldonado
Batting: RHB Dillon Cope 0-0: Fly out, F9 (Flyball, 9S, EV 86.9 MPH)
Batting: LHB Deontay Gardner 0-0: Called Strike
0-1: Ball
1-1: Ball
2-1: Foul Ball, location: 2F
2-2: Strikes out swinging
Batting: RHB R.C. Fees 0-0: Called Strike
0-1: DOUBLE (Line Drive, 89M, EV 94.4 MPH)
Batting: RHB Keaton Borneman 0-0: Foul Ball, location: 2F
0-1: Ball
1-1: SINGLE (Flyball, 56D, EV 90.6 MPH)
R.C. Fees to third
Runner from 3rd tries for Home, throw by LF and OUT! 7-2
Top of the 6th over - 0 runs, 2 hits, 0 errors, 1 left on base; Pacific 0 - Arizona State 2
BOTTOM OF THE 6TH
Arizona State Sun Devils batting - Pitching for Pacific Tigers : RHP Lon Gallaher
Batting: RHB DaVaris Sandalls 0-0: Ball
1-0: Ground out 4-3 (Groundball, 4, EV 105.0 MPH)
Batting: RHB Cole Lucas 0-0: Fly out, F8 (Flyball, 8LXD, EV 100.0 MPH)
Batting: RHB Vince Beach 0-0: Ball
1-0: SOLO HOME RUN (Flyball, 7D, EV 107.5 MPH), Distance : 392 ft
Batting: RHB Brian Reser 0-0: Foul Ball, location: 2F
0-1: Ball
1-1: Ball
2-1: Ball
3-1: Ground out 6-3 (Groundball, 6M, EV 86.9 MPH)
Bottom of the 6th over - 1 run, 1 hit, 0 errors, 0 left on base; Pacific 0 - Arizona State 3
TOP OF THE 7TH
Pacific Tigers batting - Pitching for Arizona State Sun Devils : LHP Spencer Maldonado
Batting: SHB Henry Champion 0-0: Called Strike
0-1: Called Strike
0-2: Ball
1-2: Fly out, F8 (Flyball, 89S, EV 88.1 MPH)
Batting: RHB Devin Pickett 0-0: Ground out 6-3 (Groundball, 6, EV 82.5 MPH)
Batting: RHB DreQuan Torralva 0-0: Ball
1-0: Ball
2-0: Foul Ball, location: 2F
2-1: Called Strike
2-2: Strikes out looking
Top of the 7th over - 0 runs, 0 hits, 0 errors, 0 left on base; Pacific 0 - Arizona State 3
BOTTOM OF THE 7TH
Arizona State Sun Devils batting - Pitching for Pacific Tigers : RHP Lon Gallaher
Batting: RHB Tony Walker 0-0: Ball
1-0: Swinging Strike
1-1: Called Strike
1-2: Foul Ball, location: 2F
1-2: SINGLE (Line Drive, 78S, EV 93.1 MPH)
Batting: RHB Paul Johnson 0-0: Ball
Tony Walker is caught stealing 2nd base 2-4
1-0: Called Strike
1-1: Foul Ball, location: 2F
1-2: Foul Ball, location: 2F
1-2: Strikes out swinging
Batting: LHB Dallas Mayer 0-0: Fly out, F3 (Flyball, 34D, EV 87.5 MPH)
Bottom of the 7th over - 0 runs, 1 hit, 0 errors, 0 left on base; Pacific 0 - Arizona State 3
TOP OF THE 8TH
Pacific Tigers batting - Pitching for Arizona State Sun Devils : LHP Spencer Maldonado
Batting: RHB Joey Tindall 0-0: Ball
1-0: Ball
2-0: Foul Ball, location: 2F
2-1: Foul Ball, location: 2F
2-2: Ground out 6-3 (Groundball, P, EV 90.6 MPH)
Pitching: RHP Rob Sperling
Batting: RHB Lemarr Fornasari 0-0: Ball
1-0: Ball
2-0: Ball
3-0: Called Strike
3-1: Base on Balls
Batting: RHB Dillon Cope 0-0: Fielders Choice at 2nd, 3-6 (Groundball, 3, EV 86.2 MPH)
Batting: LHB Deontay Gardner 0-0: Ball
1-0: Called Strike
1-1: Foul Ball, location: 2F
1-2: Ball
2-2: Ball
3-2: Base on Balls
Dillon Cope to second
Batting: RHB R.C. Fees 0-0: Ball
1-0: Foul Ball, location: 2F
1-1: Ball
2-1: Called Strike
2-2: Ball
3-2: Foul Ball, location: 2F
3-2: Foul Ball, location: 2F
3-2: Foul Ball, location: 2F
3-2: Strikes out swinging
Top of the 8th over - 0 runs, 0 hits, 0 errors, 2 left on base; Pacific 0 - Arizona State 3
BOTTOM OF THE 8TH
Arizona State Sun Devils batting - Pitching for Pacific Tigers : RHP Lon Gallaher
Batting: RHB Shawn Michaels 0-0: Foul Ball, location: 2F
0-1: Ball
1-1: Foul Ball, location: 2F
1-2: Foul Ball, location: 2F
1-2: SINGLE (Line Drive, 9S, EV 89.4 MPH)
Batting: RHB Brian Yensen 0-0: Bunted foul
0-1: Bunted foul
0-2: Ball
1-2: Ball
2-2: Ball
3-2: 2-RUN HOME RUN (Flyball, 78XD, EV 107.5 MPH), Distance : 434 ft
Pitching: LHP Conor Rodriguez
Batting: RHB DaVaris Sandalls 0-0: Called Strike
0-1: Ball
1-1: Swinging Strike
1-2: Hit by Pitch
Batting: RHB Cole Lucas 0-0: Ball
1-0: Ball
2-0: Swinging Strike
2-1: Foul Ball, location: 2F
2-2: Ball
3-2: Base on Balls
DaVaris Sandalls to second
Batting: RHB Vince Beach 0-0: Ball
1-0: Ball
2-0: Ball
3-0: Called Strike
3-1: Base on Balls
DaVaris Sandalls to third
Cole Lucas to second
Batting: RHB Brian Reser 0-0: SINGLE (Groundball, 6S, EV 68.8 MPH) (infield hit)
DaVaris Sandalls scores
Cole Lucas to third
Vince Beach to second
Batting: RHB Tony Walker 0-0: Ball
1-0: Called Strike
1-1: Fly out, F9 (Line Drive, 89D, EV 91.2 MPH)
Runner from 3rd tags up, SCORES, throw by RF
Vince Beach to third
Batting: RHB Paul Johnson 0-0: Called Strike
0-1: Ball
1-1: Foul Ball, location: 2F
1-2: Strikes out looking
Batting: LHB Dallas Mayer 0-0: Ball
1-0: Ball
2-0: Ball
3-0: Called Strike
3-1: Base on Balls
Brian Reser to second
Batting: RHB Shawn Michaels 0-0: Hit by Pitch
Vince Beach scores
Brian Reser to third
Dallas Mayer to second
Batting: RHB Brian Yensen 0-0: Called Strike
0-1: Called Strike
0-2: Ball
1-2: Ball
2-2: Foul Ball, location: 2F
2-2: Foul Ball, location: 2F
2-2: Strikes out swinging
Bottom of the 8th over - 5 runs, 3 hits, 0 errors, 3 left on base; Pacific 0 - Arizona State 8
TOP OF THE 9TH
Pacific Tigers batting - Pitching for Arizona State Sun Devils : RHP Rob Sperling
Batting: RHB Keaton Borneman 0-0: Foul Ball, location: 2F
0-1: Swinging Strike
0-2: Strikes out swinging
Batting: SHB Henry Champion 0-0: Ground out 5-3 (Groundball, 56, EV 87.5 MPH)
Batting: RHB Devin Pickett 0-0: Called Strike
0-1: Ball
1-1: Ball
2-1: Ground out 6-3 (Groundball, 6, EV 106.2 MPH)
Top of the 9th over - 0 runs, 0 hits, 0 errors, 0 left on base; Pacific 0 - Arizona State 8
Sunday, April 14th , 2024 - OOTP Baseball 23.10 Build 110